 Dungeon Crawl Stone Soup version 0.29.1-1-gd02db6906a (webtiles) character file.

Game seed: 1599883897166397268

61 NullDivider the Stinger (level 4, -2/27 HPs)
             Began as an Octopode Venom Mage on Sept 26, 2022.
             Slain by a gnoll
             ... wielding a +0 spear
              (7 damage)
             ... on level 2 of the Dungeon.
             The game lasted 00:07:33 (2214 turns).

NullDivider the Stinger (Octopode Venom Mage)       Turns: 2214, Time: 00:07:33

Health: -2/27      AC:  1    Str:  7    XL:     4   Next: 7%
Magic:  2/7        EV:  7    Int: 19    God:
Gold:   70         SH:  0    Dex: 12    Spells: 2/8 levels left

rFire   . . .      SeeInvis .   c - +0 dagger (venom)
rCold   . . .      Faith    .   (no shield)
rNeg    . . .      Spirit   .   (helmet restricted)
rPois   .          Reflect  .   (no amulet)
rElec   .          Harm     .   (no ring)
rCorr   .          Rampage  .   (no ring)
Will    .....                   (no ring)
Stlth   +++.......              (no ring)
HPRegen 0.09/turn               (no ring)
MPRegen 0.10/turn               (no ring)
                                (no ring)
                                (no ring)

@: held
A: almost no armour, amphibious, 8 rings, camouflage 1, gelatinous body 1,
(nimble swimmer 1), tentacles
a: no special abilities


You were on level 2 of the Dungeon.
You visited 1 branch of the dungeon, and saw 2 of its levels.

You collected 70 gold pieces.

Inventory:

Hand Weapons
 c - a +0 dagger of venom (weapon)
Scrolls
 e - a scroll of teleportation {unknown}
 f - a scroll of vulnerability {unknown}
 g - a scroll of identify {unknown}
Potions
 a - 3 potions of magic
 b - a potion of heal wounds {unknown}
 d - 2 potions of curing
 h - a potion of lignification {unknown}


   Skills:
 + Level 0.5 Short Blades
 * Level 2.5 Dodging
 * Level 3.6 Stealth
 * Level 2.5 Spellcasting
 + Level 0.2 Conjurations
 - Level 1.1 Transmutations
 - Level 0.3 Air Magic
 * Level 4.1 Poison Magic


You had 2 spell levels left.
You knew the following spells:

 Your Spells              Type           Power      Damage    Failure   Level
a - Sting                 Tmut/Pois      48%        1d5       5%          1
b - Poisonous Vapours     Pois/Air       20%        N/A       10%         2
c - Mephitic Cloud        Conj/Pois/Air  8%         N/A       26%         3

Your spell library contained the following spells:

 Spells                   Type           Power      Damage    Failure   Level
 Olgreb's Toxic Radiance  Pois           18%        N/A       28%         4
 Portal Projectile        Hex/Tloc       4%         N/A       43%         3
 Tukima's Dance           Hex            2%         N/A       43%         3
 Blade Hands              Tmut           3%         N/A       95%         5


Dungeon Overview and Level Annotations

Branches:
Dungeon (2/15)

Altars:


Innate Abilities, Weirdness & Mutations

You cannot wear most types of armour.
You are amphibious.
You can wear up to eight rings at the same time.
Your skin changes colour to match your surroundings (Stealth+).
Your rubbery body absorbs attacks. (AC +1, EV +1)
((You are camouflaged when in or above water. (Stealth+)))
You have tentacles for arms and can constrict up to eight enemies at once.


Message History

You have reached level 4!
Casting: Poisonous Vapours (safe; 10% risk of failure)
Confirm with . or Enter, or press ? or * to list all spells.
The spell is extremely dangerous to miscast (26% risk of failure)!
Continue anyway?
Uppercase [Y]es or [N]o only, please.
The spell is extremely dangerous to miscast (26% risk of failure)!
Continue anyway?
Aiming: Mephitic Cloud (extremely dangerous; 26% risk of failure)
Press: ? - help, Shift-Dir - straight line The ball explodes into a vile cloud!
The stinking cloud engulfs the rat but does no damage.
The stinking cloud engulfs the gnoll but does no damage.
The gnoll is engulfed in noxious fumes.
The gnoll appears confused.
The rat is engulfed in noxious fumes.
The rat appears confused.
The gnoll throws a throwing net.
The throwing net hits you.
You become entangled in the net!
The gnoll is engulfed in noxious fumes.
The gnoll appears confused.
The rat is engulfed in noxious fumes.
The rat appears confused.
You see here a throwing net.
Casting: Mephitic Cloud (extremely dangerous; 26% risk of failure)
Confirm with . or Enter, or press ? or * to list all spells.
Aiming: Poisonous Vapours (safe; 10% risk of failure)
Press: ? - help, Dir - move target, f - gnoll
Aim: a gnoll, wielding a +0 spear and quivering a throwing net Poisonous vapours surround the gnoll!
The gnoll is poisoned.
The gnoll hits you from afar with a +0 spear.
The gnoll hits you with a +0 whip.
The rat is engulfed in noxious fumes.
The rat appears confused.
You struggle against the net.
The gnoll hits you from afar with a +0 spear!
The gnoll hits the rat with a +0 whip!
The rat is killed!
You struggle against the net.
The gnoll hits you with a +0 whip.
* * * LOW HITPOINT WARNING * * *
The gnoll hits you from afar with a +0 spear.
* * * LOW HITPOINT WARNING * * *
It was a potion of curing.
You feel better. The gnoll closely misses you.
The gnoll hits you with a +0 flail!
* * * LOW HITPOINT WARNING * * *
The gnoll hits you from afar with a +0 spear!
You die...

.....$.....#.........
#..........##........
#
.......^...#......##
#
#..........##...###.
#
#...........#.###...
# #........#####.....
# #..l°B.###.# ......
# #ggg###...##......
# #@###......#......
# #.#........##.....
# #...........#.....
# ##..........##....
#...........#....
####
##..........##...
...# #.............##
##.#######
##........# ## #
#...>...# #......###
#


You could see 3 gnolls, a giant cockroach and a frilled lizard.

Vanquished Creatures
  A gnoll (D:2)
  An adder (D:2)
  A dart slug (D:2)
  A ball python (D:2)
  4 bats
  3 endoplasms
  A giant cockroach (D:2)
  2 goblins (D:1)
  3 hobgoblins (D:1)
  5 jackals (D:2)
  3 quokkas
  2 frilled lizards
  3 kobolds
  10 rats
40 creatures vanquished.

Notes
Turn   | Place    | Note
-------+----------+-------------------------------------------
     0 | D:1      | NullDivider the Octopode Venom Mage began the quest for the
                  | Orb.
     0 | D:1      | Reached XP level 1. HP: 11/11 MP: 3/3
   372 | D:1      | Reached XP level 2. HP: 17/17 MP: 1/5
   551 | D:1      | Learned a level 2 spell: Poisonous Vapours
  1414 | D:2      | Reached XP level 3. HP: 13/21 MP: 4/6
  1628 | D:2      | Learned a level 3 spell: Mephitic Cloud
  1666 | D:2      | Reached skill level 4 in Poison Magic
  2209 | D:2      | Reached XP level 4. HP: 27/27 MP: 7/7
  2214 | D:2      | Slain by a gnoll

Illustrated notes

Levels and vault maps discovered:
D:1:      wander_arrival_fairy_ring, layout_basic, grunt_decor_junction,
          hex_tiny, nrook_mini_backslash
D:2:      minmay_skewed_foursquare, layout_loops_ring, nicolae_wormholes,
          uniq_crazy_yiuf_cottage

Skill      XL: |  1  2  3 |
---------------+----------+-----
Stealth        | 3 |  3.6
Poison Magic   | 4 |  4.1
Short Blades   | |  0.5
Dodging        | |  2.5
Spellcasting   | |  2.5
Conjurations   | |  0.2
Transmutations | |  1.1
Air Magic      | |  0.3

Action                   |  1- 3 |  4- 6 || total
-------------------------+-------+-------++-------
Melee: Dagger            |    44 |       ||    44
       Constrict         |    12 |       ||    12
       Unarmed           |     1 |       ||     1
       Tentacles         |    11 |       ||    11
 Cast: Sting             |    34 |       ||    34
       Poisonous Vapours |     4 |     1 ||     5
       Mephitic Cloud    |       |     1 ||     1
  Use: Potion            |       |     1 ||     1
 Stab: Sleeping          |     8 |       ||     8
Armor: Skin              |     4 |       ||     4
Dodge: Dodged            |    34 |     1 ||    35
